 Dungeon Crawl Stone Soup version 0.28-a0-1560-g060a6a1bfc (webtiles) character file.

Game seed: 4956651050160591697

431 Nattfarinn the Cleaver (level 6, -3/57 HPs)
             Began as a Hill Orc Fighter on Jan 19, 2022.
             Was an Initiate of Okawaru.
             Slain by a gnoll sergeant (11 damage)
             ... on level 4 of the Dungeon.
             The game lasted 00:06:27 (3945 turns).

Nattfarinn the Cleaver (Hill Orc Fighter)           Turns: 3945, Time: 00:06:27

Health: -3/57      AC: 13    Str: 21    XL:     6   Next: 99%
Magic:  6/6        EV:  9    Int:  8    God:    Okawaru [......]
Gold:   135        SH:  4    Dex: 10    Spells: 5/5 levels left

rFire   + . .      SeeInvis +   a - +0 war axe
rCold   . . .      Faith    .   c - +0 buckler
rNeg    . . .      Spirit   .   b - +0 scale mail
rPois   .          Reflect  .   u - +1 helmet
rElec   .          Harm     .   s - +2 cloak
rCorr   .          Rampage  .   x - +0 pair of gloves
Will    .....                   (no boots)
Stlth   ..........              (no amulet)
HPRegen 0.19/turn               o - ring of see invisible
MPRegen 0.10/turn               v - ring of protection from fire

@: lethally poisoned (-3 -> -18)
A: no striking features
a: Renounce Religion


You were on level 4 of the Dungeon.
You worshipped Okawaru.
Okawaru was noncommittal.
You visited 1 branch of the dungeon, and saw 4 of its levels.

You collected 174 gold pieces.
You spent 39 gold pieces at shops.

Inventory:

Hand Weapons
 a - a +0 war axe (weapon)
Armour
 b - a +0 scale mail (worn)
 c - a +0 buckler (worn)
 s - a +2 cloak (worn)
 u - a +1 helmet (worn)
 x - a +0 pair of gloves (worn)
Jewellery
 d - a ring of magical power
 h - an amulet of magic regeneration
 o - a ring of see invisible (left hand)
 v - a ring of protection from fire (right hand)
Wands
 z - a wand of iceblast (12)
Scrolls
 e - a scroll of holy word
 g - a scroll of magic mapping {unknown}
 m - 2 scrolls of fog
 n - a scroll of amnesia {unknown}
 q - a scroll of blinking {unknown}
 r - a scroll of vulnerability {unknown}
 t - a scroll of immolation {unknown}
 y - a scroll of noise {unknown}
Potions
 j - 2 potions of brilliance
 k - 3 potions of resistance
 l - a potion of invisibility {unknown}
 p - a potion of flight {unknown}
 w - a potion of attraction {unknown}
 A - a potion of haste {unknown}


   Skills:
 + Level 6.0 Fighting
 * Level 8.0 Axes
 - Level 3.2 Armour
 - Level 3.2 Shields


You had 5 spell levels left.
You didn't know any spells.
Your spell library contained the following spells:

 Spells                   Type           Power      Damage    Failure   Level
 Pain                     Necr           0%         1d4       83%         1
 Blink                    Tloc           0%         N/A       93%         2
 Dazzling Flash           Conj/Hex       0%         N/A       99%         3
 Vampiric Draining        Necr           0%         2d6       99%         3
 Iskenderun's Mystic Bla  Conj/Tloc      0%         2d3       100%        4
 Starburst                Conj/Fire      0%         6d3       100%        6
 Animate Skeleton         Necr           Unusable   N/A       N/A         1
 Summon Small Mammal      Summ           Unusable   N/A       N/A         1
 Call Canine Familiar     Summ           Unusable   N/A       N/A         3
 Summon Guardian Golem    Hex/Summ       Unusable   N/A       N/A         3
 Summon Lightning Spire   Summ/Air       Unusable   N/A       N/A         4
 Malign Gateway           Summ/Tloc      Unusable   N/A       N/A         7

Dungeon Overview and Level Annotations

Branches:
Dungeon (4/15)
 Temple: D:4-7

Altars:
Cheibriados
Fedhas
Hepliaklqana
Nemelex Xobeh
Okawaru
Ru
Sif Muna
Trog
Vehumet
Xom
Yredelemnul
Zin

Shops:
D:2 !   D:3 =


Message History

The gnoll sergeant hits you with a +0 trident of venom.
You hit the gnoll sergeant.
The gnoll sergeant is moderately wounded.
You feel sick. You block the gnoll sergeant's attack.
You closely miss the gnoll sergeant.
The gnoll sergeant is lightly wounded.
You feel sick.
The gnoll sergeant hits you but does no damage.
You are more poisoned.
You block the gnoll sergeant's attack.
You closely miss the gnoll sergeant.
The gnoll sergeant is lightly wounded.
You feel very sick.
The gnoll sergeant hits you but does no damage.
You are more poisoned.
The gnoll sergeant blocks your attack.
The gnoll sergeant is lightly wounded.
You feel very sick.
The gnoll sergeant hits you with a +0 trident of venom!
You are lethally poisoned!
You feel better. You block the gnoll sergeant's attack.
The gnoll sergeant blocks your attack.
The gnoll sergeant is lightly wounded.
You block the gnoll sergeant's attack.
You hit the gnoll sergeant.
The gnoll sergeant is moderately wounded.
The gnoll sergeant hits you with a +0 trident of venom!
You are poisoned.
You slash the gnoll sergeant!
The gnoll sergeant is heavily wounded.
You feel very sick.
The gnoll sergeant hits you with a +0 trident of venom.
* * * LOW HITPOINT WARNING * * *
You are lethally poisoned!
You hit the gnoll sergeant but do no damage.
The gnoll sergeant is heavily wounded.
* * * LOW HITPOINT WARNING * * *
You feel very sick.
The gnoll sergeant hits you with a +0 trident of venom!
You die...

....#....#....#...#.†##..#......#
....#....#....#..##..###'#....###
#..####..#....#..######..#..<.#..
#..#####'#....#..........#....#..
'..)..#..#....#......###'#....#.#
#.....#..#....#......#......###.#
#'#####'##....#......#......#...#
..............#......#......#...+
..............#.@#####......#...#
..............#.g#..........#...#
..............'..#..........#####
##########....#..#....#'######..#
#....#...'....#..#....#......#...
.....#...#....#..#....#......#...
.....##..#....#..#....#.....###+#
.....##..#....#..#....#.....##..#
.........#....##'#....####'###..#


You could see a gnoll sergeant.

Vanquished Creatures
  An ogre (D:4)
  A scorpion (D:3)
  An orc priest (D:3)
  Terence (D:3)
  7 gnolls
  8 adders
  3 worms
  4 dart slugs
  3 orcs (D:3)
  3 bats
  8 endoplasms
  4 giant cockroaches
  3 goblins (D:3)
  11 hobgoblins
  2 jackals (D:2)
  A quokka (D:1)
  7 ball pythons
  A frilled lizard (D:1)
  4 kobolds
  10 rats
83 creatures vanquished.

Notes
Turn   | Place    | Note
-------+----------+-------------------------------------------
     0 | D:1      | Nattfarinn the Hill Orc Fighter began the quest for the
                  | Orb.
     0 | D:1      | Reached XP level 1. HP: 19/19 MP: 1/1
   209 | D:1      | Reached skill level 3 in Axes
   240 | D:1      | Reached XP level 2. HP: 27/27 MP: 2/2
   310 | D:1      | Found a faded altar of an unknown god.
   392 | D:1      | Reached skill level 4 in Axes
   412 | D:1      | Reached XP level 3. HP: 33/33 MP: 3/3
  1022 | D:2      | Found Qax Umoqo's Distillery.
  1029 | D:2      | Bought a potion of curing for 39 gold pieces
  1097 | D:2      | Reached skill level 5 in Axes
  1097 | D:2      | Reached XP level 4. HP: 24/41 MP: 4/4
  1868 | D:3      | Noticed a scorpion
  1884 | D:3      | Killed a scorpion
  1885 | D:3      | Reached skill level 6 in Axes
  1885 | D:3      | Reached XP level 5. HP: 42/47 MP: 5/5
  1886 | D:3      | Reached skill level 5 in Fighting
  1906 | D:3      | Found a snail-covered altar of Cheibriados.
  1920 | D:3      | Found a basalt altar of Yredelemnul.
  1950 | D:3      | Got the Reference Book on the Warped Entourage
  1976 | D:3      | Found a hazy altar of Hepliaklqana.
  1980 | D:3      | Found a bloodstained altar of Trog.
  1980 | D:3      | Found a sparkling altar of Nemelex Xobeh.
  1991 | D:3      | Found a glowing silver altar of Zin.
  1994 | D:3      | Found an iron altar of Okawaru.
  2001 | D:3      | Became a worshipper of Warmaster Okawaru
  2153 | D:3      | Noticed Terence
  2160 | D:3      | Killed Terence
  2424 | D:3      | Found Piofiri's One-of-a-Kind Rings.
  2440 | D:3      | Reached XP level 6. HP: 56/56 MP: 6/6
  2539 | D:3      | Reached skill level 7 in Axes
  2721 | D:3      | Found a shimmering blue altar of Sif Muna.
  2726 | D:3      | Found an iron altar of Okawaru.
  2726 | D:3      | Found a basalt altar of Yredelemnul.
  2728 | D:3      | Found a shimmering altar of Xom.
  2728 | D:3      | Found a shimmering altar of Xom.
  2728 | D:3      | Found a blossoming altar of Fedhas.
  2812 | D:3      | Found a sacrificial altar of Ru.
  2812 | D:3      | Found a shimmering blue altar of Sif Muna.
  2816 | D:3      | Found a radiant altar of Vehumet.
  3934 | D:4      | Reached skill level 8 in Axes
  3945 | D:4      | Slain by a gnoll sergeant

Illustrated notes

Levels and vault maps discovered:
D:1:      amcnicky_arrival_underground_garden, layout_rooms,
          chequers_ecumenical_altar_simple
D:2:      layout_basic, serial_shops, shop
D:3:      layout_basic, grunt_temple_overflow_open, doesnt_xom_only_xom,
          minmay_overflow_temple_star_hex, minmay_misc_feat_five,
          grunt_ministairs_2, nicolae_shop_unique_rings,
          kennysheep_generic_room_12, uniq_terence
D:4:      layout_gridville

Skill      XL: |  1  2  3  4  5  6 |
---------------+-------------------+-----
Axes           | 3 4 5 6 8 |  8.0
Fighting       | 4 5 6 |  6.0
Armour         | |  3.2
Shields        | |  3.2

Action                   |  1- 3 |  4- 6 || total
-------------------------+-------+-------++-------
Melee: War axe           |    94 |   154 ||   248
Throw: Throwing net      |       |     1 ||     1
  Use: Potion            |       |     4 ||     4
       Scroll            |       |     4 ||     4
Armor: Scale mail        |    61 |    63 ||   124
Dodge: Dodged            |    55 |    65 ||   120
Block: Buckler           |    34 |    35 ||    69

Table legend: (Time is in decaauts)
 A = Elapsed time spent in this place.
 B = Non-inter-level travel time spent in this place.
 C = Inter-level travel time spent in this place.
 D = Time resting spent in this place.
 E = Time spent auto-exploring this place.
 F = Levels seen in this place.
 G = Mean time per level.
                   A        B        C        D        E       F      G
               +--------+--------+--------+--------+--------+-----+--------+
         Total |   4014 |   3697 |    317 |    461 |   2526 |   4 | 1003.5 |
       Dungeon |   4014 |   3697 |    317 |    461 |   2526 |   4 | 1003.5 |
               +--------+--------+--------+--------+--------+-----+--------+

Top non-repeatable levels by time:
     D:2: 1403 daAuts
     D:3: 1032 daAuts
     D:4: 858 daAuts
     D:1: 721 daAuts
